Map: Submarine LE

Players

Seither - Winner!

  • Race: Terran Terran
  • Spawn Location: 11:00

MeomaikA

  • Race: Zerg Zerg
  • League: Grandmaster
  • Spawn Location: 5:00

Event: DreamHack SC2 Masters 2020 Summer Oceania RoA

VOD

Have the link to the VOD?

Description

Time

  • Played on: June 25, 2020, 5:41 a.m.
  • Length: 8:52

All games in this series

Show
View Real Time Build Order
Export as new Build Order

Seither Terran - Winner!

Build Orders: Reaper Expand 

Get SALT Encoding   

  12  0:00  SCV  
  13  0:12  SCV  
  14  0:17  Supply Depot  
  14  0:25  SCV  
  15  0:38  SCV  
  15  0:40  Barracks  
  16  0:44  Refinery  
  16  0:50  SCV  
  17  1:02  SCV  
  18  1:15  SCV  
  19  1:27  Orbital Command, Reaper  
  20  1:39  Command Center  
  20  1:50  Supply Depot  
  20  1:53  SCV  
  21  1:59  Marine  
  22  2:06  SCV  
  23  2:08  Factory  
  23  2:13  Refinery  
  23  2:18  SCV  
  23  2:22  Barracks Reactor  
  24  2:30  SCV  
  25  2:42  SCV  
  26  2:52  Orbital Command  
  26  2:54  Starport  
  26  2:59  Factory Tech Lab  
  26  3:02  Marine x2  
  26  3:03  Bunker, SCV  
  28  3:15  SCV  
  28  3:18  Cyclone  
  28  3:19  Marine  
  32  3:20  Marine  
  32  3:24  Supply Depot  
  35  3:31  Starport Tech Lab  
  34  3:39  Orbital Command  
  33  3:41  Marine x2  
  33  3:47  SCV  
  36  3:56  Banshee  
  36  4:00  SCV  
  40  4:07  Siege Tank  
  43  4:10  Marine x2, SCV  
  43  4:12  SCV  
  47  4:22  Command Center  
  47  4:24  SCV x2  
  49  4:27  Supply Depot  
  49  4:34  Marine x2  
  51  4:41  Orbital Command  
  51  4:48  SCV  
  51  4:51  Banshee  
  56  4:57  Marine x2  
  52  5:12  Factory Reactor, Barracks  
  52  5:13  Barracks  
  52  5:16  SCV x2  
  54  5:24  Marine x2  
  54  5:28  SCV x2  
  53  5:36  Orbital Command  
  53  5:40  SCV x2  
  54  5:51  Engineering Bay  
  54  5:52  Engineering Bay, SCV x2  
  54  5:54  Stimpack, Marine, Starport Reactor  
  57  6:03  Siege Tank  
  60  6:04  SCV x3  
  60  6:09  Marine x2  
  60  6:11  Supply Depot  
  65  6:14  Marine  
  65  6:16  SCV x3  
  69  6:23  Terran Infantry Weapons Level 1, Terran Infantry Armor Level 1  
  69  6:24  Marine x2  
  71  6:27  Refinery, Marine  
  71  6:28  SCV x3  
  75  6:35  Supply Depot  
  75  6:36  Medivac x2  
  79  6:42  Marine x2  
  79  6:43  Refinery  
  79  6:44  SCV x2  
  83  6:52  Marine x2  
  85  6:54  Supply Depot  
  85  6:56  Orbital Command  
  85  6:57  Siege Tank, Marine  
  85  6:59  Supply Depot  
  89  7:01  SCV x2  
  91  7:13  Medivac  
  93  7:18  SCV x2  
  92  7:23  Marine x2  
  92  7:24  Marine  
  92  7:26  Supply Depot, Barracks x2  
  92  7:28  Marine x2  
  92  7:29  SCV  
  98  7:30  SCV  
  98  7:34  Siege Tank  
  102  7:43  Marine x2  
  104  7:44  Medivac x2  
  104  7:48  SCV x2  
  110  7:57  Marine  
  110  7:58  Marine x2, SCV  
  109  8:00  SCV  
  109  8:01  Marine x2  
  109  8:03  SCV  
  109  8:04  Armory  
  112  8:11  SCV  
  114  8:12  SCV  
  114  8:15  SCV  
  114  8:16  Marine x2  
  114  8:18  Marine  
  114  8:22  Supply Depot, Barracks Reactor x2  
  114  8:23  Supply Depot, SCV  
  108  8:27  Marine x2  
  113  8:34  Marine  
  113  8:35  Missile Turret  
  113  8:36  Missile Turret  
  113  8:37  Missile Turret  
Show
View Real Time Build Order
Export as new Build Order

MeomaikA Zerg 

Build Orders: Pool First 

Get SALT Encoding   

  12  0:00  Drone  
  13  0:07  Drone  
  14  0:16  Overlord  
  14  0:23  Drone, Extractor  
  15  0:34  Drone x2  
  17  0:44  Spawning Pool  
  17  0:47  Drone  
  17  1:07  Hatchery  
  17  1:10  Drone  
  17  1:12  Extractor  
  17  1:15  Drone  
  17  1:31  Queen, Zergling x4  
  21  1:37  Drone  
  22  1:47  Roach Warren  
  22  1:52  Drone  
  22  2:04  Overlord  
  22  2:20  Queen  
  24  2:26  Roach  
  24  2:27  Roach x2  
  30  2:30  Roach  
  30  2:34  Drone  
  33  2:41  Overlord  
  33  2:44  Drone  
  34  2:49  Drone  
  35  2:56  Overlord  
  35  3:05  Zergling x4  
  37  3:09  Metabolic Boost  
  37  3:11  Drone  
  38  3:14  Drone  
  38  3:17  Drone  
  40  3:20  Drone  
  41  3:28  Drone  
  41  3:30  Drone  
  41  3:32  Drone  
  42  3:37  Drone  
  42  3:38  Drone x2  
  42  3:39  Drone  
  46  3:42  Drone  
  46  3:44  Drone  
  46  3:46  Drone  
  49  3:48  Drone  
  49  3:52  Drone  
  51  4:00  Zergling x2  
  52  4:02  Extractor  
  52  4:03  Zergling x2  
  52  4:04  Extractor  
  52  4:06  Zergling x2  
  52  4:10  Overlord  
  52  4:13  Overlord  
  52  4:23  Hatchery  
  51  4:27  Overlord  
  51  4:29  Ravager  
  51  4:30  Ravager x2, Zergling x2  
  51  4:31  Zergling x4  
  57  4:32  Zergling x2  
  57  4:36  Drone x3  
  61  4:42  Overlord  
  61  4:45  Spore Crawler  
  60  4:47  Zergling x2  
  60  4:48  Zergling x2  
  60  4:52  Zergling x4  
  64  4:59  Zergling x2  
  58  5:00  Zergling x2  
  58  5:05  Drone x2, Lair  
  58  5:06  Drone  
  54  5:09  Drone  
  54  5:12  Drone x2  
  54  5:14  Drone  
  58  5:16  Drone  
  59  5:23  Drone x2  
  56  5:30  Roach  
  56  5:34  Roach  
  57  5:37  Evolution Chamber x2, Zergling x4  
  57  5:38  Roach  
  57  5:40  Roach  
  61  5:44  Queen  
  61  5:48  Queen  
  65  5:53  Spore Crawler  
  65  5:55  Drone  
  65  6:02  Zerg Ground Armor Level 1  
  65  6:03  Zerg Melee Weapons Level 1  
  65  6:06  Overseer  
  65  6:10  Overlord x2  
  64  6:20  Spire  
  64  6:23  Drone x2  
  64  6:24  Drone x2  
  65  6:28  Drone x2  
  65  6:29  Drone  
  65  6:31  Drone  
  69  6:34  Drone x2  
  69  6:36  Drone  
  69  6:38  Drone x2  
  74  6:42  Drone  
  74  6:44  Drone x2  
  74  6:45  Zergling x2  
  74  6:46  Zergling x2  
  79  6:48  Zergling x2  
  79  6:50  Overseer  
  79  6:52  Zergling x2  
  81  7:04  Queen, Extractor x2  
  74  7:17  Drone x6  
  78  7:32  Mutalisk  
  78  7:33  Overlord x2  
  78  7:34  Overlord  
  80  7:48  Mutalisk x2  
  79  7:53  Mutalisk x5  
  79  7:54  Zergling x2  
  79  7:55  Zergling x12  
  91  8:04  Zergling x2  
  90  8:06  Mutalisk x2  
  90  8:11  Zergling x2  
  90  8:12  Overlord, Zergling x2  
  88  8:16  Zergling x4  
  88  8:18  Zergling x2  
  75  8:26  Zergling x4  
  67  8:29  Zergling x2  
Tags
 
Add a new tag
Caveats
  • Supply blocks, unpowered buildings, or Contaminate may cause inaccurate times.
  • Supply counts are checked every 10 seconds.